 Dungeon Crawl Stone Soup version 0.29-a0-82-g837932c90e (webtiles) character file.

Game seed: 3162129354836079778

45 lordive the Magician (level 3, -7/28 HPs)
             Began as a Djinni Warper on Feb 5, 2022.
             Killed from afar by Natasha (11 damage)
             ... with a magic dart
             ... on level 2 of the Dungeon.
             The game lasted 00:01:42 (2237 turns).

lordive the Magician (Djinni Warper)                Turns: 2237, Time: 00:01:42

Health: -7/28      AC:  3    Str: 10    XL:     3   Next: 90%
Gold:   94         EV: 11    Int: 16    God:
                   SH:  0    Dex: 12

rFire   + + .      SeeInvis .   a - +0 falchion
rCold   x . .      Faith    .   (no shield)
rNeg    . . .      Spirit   .   b - +0 leather armour
rPois   ∞          Reflect  .   (helmet currently unavailable)
rElec   .          Harm     .   (no cloak)
rCorr   .          Rampage  .   (no gloves)
Will    .....                   (boots unavailable)
Stlth   +.........              (no amulet)
HPRegen 0.09/turn               (no ring)
MPRegen 0.00/turn               (no ring)

@: appendages (expiring), flying, slowed, very slow
A: horns 2, flying, sickness immunity, fire resistance 2, cold vulnerability 1,
float, innate caster, HP casting, extra vitality 1
a: End Transformation


You were on level 2 of the Dungeon.
You had temporarily grown beastly horns.
You visited 1 branch of the dungeon, and saw 2 of its levels.

You collected 94 gold pieces.

Inventory:

Hand Weapons
 a - a +0 falchion (weapon)
Missiles
 d - 5 boomerangs of dispersal
Armour
 b - a +0 leather armour (worn)
Scrolls
 c - a scroll of blinking
 g - a scroll of noise {unknown}
 i - a scroll of identify {unknown}
 m - a scroll of teleportation {unknown}
Potions
 e - a potion of haste {unknown}
 f - a potion of cancellation {unknown}
 h - 2 potions of heal wounds {unknown}
 j - 2 potions of curing {unknown}
 k - a potion of mutation {unknown}
 l - 3 potions of invisibility {unknown}


   Skills:
 + Level 2.2 Fighting
 + Level 2.2 Long Blades
 - Level 0.7 Throwing
 + Level 1.5 Armour
 + Level 2.3 Dodging
 + Level 0.4 Stealth
 * Level 2.9 Spellcasting


You couldn't memorise any spells.
You knew the following spells:

 Your Spells              Type           Power      Damage    Failure   Level
a - Blink                 Tloc           22%        N/A       11%         2
b - Lesser Beckoning      Tloc           11%        N/A       22%         3
c - Gell's Gravitas       Tloc           11%        N/A       22%         3
d - Teleport Other        Tloc           11%        N/A       22%         3
e - Manifold Assault      Tloc           11%        N/A       90%         5
f - Beastly Appendage     Tmut           22%        N/A       8%          1
Your spell library was empty.

Dungeon Overview and Level Annotations

Branches:
Dungeon (2/15)

Altars:

Annotations:
D:2 Natasha


Innate Abilities, Weirdness & Mutations

You have temporarily grown beastly horns.
You are flying.
You are immune to sickness and miasma.
You are immune to poison.
Your flesh is very heat resistant. (rF++)
You are vulnerable to cold. (rC-)
You float through the air rather than walking.
You learn spells naturally, not from books.
Your magical power is your life essence.
You have superior vitality. (+4 MHP)


Message History

Natasha is moderately wounded.
Natasha claws you.
You hit Natasha.
Natasha is heavily wounded.
Natasha misses you. Natasha claws you.
You completely miss Natasha. Your headbutt misses Natasha.
Natasha is heavily wounded.
Natasha closely misses you. Natasha casts a spell at you.
The magic dart hits you.
You are too injured to fight recklessly!
You are too injured to fight recklessly!
You are too injured to fight recklessly!
You are too injured to fight recklessly!
You are too injured to fight recklessly!
You are too injured to fight recklessly!
You are too injured to fight recklessly!
You are too injured to fight recklessly!
You are too injured to fight recklessly!
You are too injured to fight recklessly!
You are too injured to fight recklessly!
You are too injured to fight recklessly!
You are too injured to fight recklessly!
You are too injured to fight recklessly!
You are too injured to fight recklessly!
You are too injured to fight recklessly!
Unknown command.
You barely miss Natasha. Your headbutt misses Natasha.
Natasha is heavily wounded.
Your transformation is almost over.
Natasha claws you. Natasha misses you.
You barely miss Natasha.
Natasha is heavily wounded.
Natasha misses you. Natasha claws you.
* * * LOW HITPOINT WARNING * * *
You hit Natasha. Your headbutt misses Natasha.
Natasha is almost dead.
Natasha casts a spell at you. The magic dart hits you!
You die...

. ###### #........
. ... .........#.
..## ......# #..
..# ......
#.######h# ....###
#.##....@# ......#
#.##.#####
....#.###'##.####
................#
#.####).........#
...#............#
####...............
# ..............###
#.###...........#


You could see Natasha.

Vanquished Creatures
  An adder (D:2)
  2 dart slugs (D:1)
  4 ball pythons
  4 endoplasms
  A giant cockroach (D:1)
  A goblin (D:2)
  3 hobgoblins
  A kobold (D:1)
  3 quokkas (D:1)
  3 frilled lizards
  7 rats
30 creatures vanquished.

Notes
Turn   | Place    | Note
-------+----------+-------------------------------------------
     0 | D:1      | lordive the Djinni Warper began the quest for the Orb.
     0 | D:1      | Reached XP level 1. HP: 18/18 MP: 0/0
   337 | D:1      | Reached XP level 2. HP: 20/23 MP: 0/0
   542 | D:1      | Found a faded altar of an unknown god.
  1083 | D:1      | Reached XP level 3. HP: 21/28 MP: 0/0
  1083 | D:1      | Learned a level 1 spell: Beastly Appendage
  2228 | D:2      | Noticed Natasha
  2237 | D:2      | Killed from afar by Natasha

Illustrated notes

Levels and vault maps discovered:
D:1:      psy_arrival_basics, layout_loops_cross,
          chequers_ecumenical_altar_island
D:2:      cheibrodos_greedy_goblins, layout_basic, uniq_natasha

Skill      XL: |  1  2 |
---------------+-------+-----
Long Blades    | 2 |  2.2
Fighting       | |  2.2
Throwing       | |  0.7
Armour         | |  1.5
Dodging        | |  2.3
Stealth        | |  0.4
Spellcasting   | |  2.9

Action                   || total
-------------------------++-------
Melee: Falchion          ||   109
       Headbutt          ||     5
 Cast: Beastly Appendage ||     8
 Stab: Sleeping          ||     1
Armor: Leather armour    ||    40
Dodge: Dodged            ||    55

Table legend: (Time is in decaauts)
 A = Elapsed time spent in this place.
 B = Non-inter-level travel time spent in this place.
 C = Inter-level travel time spent in this place.
 D = Time resting spent in this place.
 E = Time spent auto-exploring this place.
 F = Levels seen in this place.
 G = Mean time per level.
                   A        B        C        D        E       F      G
               +--------+--------+--------+--------+--------+-----+--------+
         Total |   2261 |   2216 |     45 |    273 |   1683 |   2 | 1130.5 |
       Dungeon |   2261 |   2216 |     45 |    273 |   1683 |   2 | 1130.5 |
               +--------+--------+--------+--------+--------+-----+--------+

Top non-repeatable levels by time:
     D:1: 1482 daAuts
     D:2: 778 daAuts
